 Dungeon Crawl Stone Soup version 0.27.0-1-g7a08968 (webtiles) character file.

Game seed: 2302664778186071326

310 GodsMustBeCrazy the Skirmisher (level 6, -7/36 HPs)
             Began as a Gargoyle Fighter on Aug 7, 2021.
             Mangled by a wight (12 damage)
             ... on level 3 of the Dungeon.
             The game lasted 00:08:06 (3251 turns).

GodsMustBeCrazy the Skirmisher (Gargoyle Fighter)   Turns: 3251, Time: 00:08:06

Health: -7/36      AC: 11    Str: 23    XL:     6   Next: 41%
Magic:  6/6        EV:  7    Int:  9    God:
Gold:   75         SH: 10    Dex:  9    Spells: 5/5 levels left

rFire    + . .     SeeInvis .   a - +0 war axe
rCold    . . .     Faith    .   c - +0 kite shield
rNeg     + . .     Spirit   .   p - +0 scale mail
rPois    ∞         Reflect  .   (no helmet)
rElec    +         Harm     .   (no cloak)
rCorr    .         Rampage  .   (no gloves)
Will     +....                  (no boots)
Stlth    ..........             (no amulet)
HPRegen  0.12/turn              (no ring)
MPRegen  0.10/turn              (no ring)

@: no status effects
A: sickness immunity, AC +4, negative energy resistance 1, electricity
resistance, torment resistance 1, petrification resistance, fire resistance 1,
frail 1, strong-willed 1, strong 1
a: no special abilities


You were on level 3 of the Dungeon.
You visited 1 branch of the dungeon, and saw 3 of its levels.

You collected 75 gold pieces.

Inventory:

Hand Weapons
 a - a +0 war axe (weapon)
 b - a +0 hunting sling
Missiles
 f - 13 arrows
 q - 55 stones (quivered)
Armour
 c - a +0 kite shield (worn)
 p - a +0 scale mail (worn)
Scrolls
 e - a scroll of enchant armour {unknown}
 j - 4 scrolls of identify {unknown}
 k - 5 scrolls of teleportation {unknown}
 n - a scroll of vulnerability {unknown}
 o - 3 scrolls of enchant weapon {unknown}
Potions
 d - a potion of might
 g - 2 potions of cancellation {unknown}
 h - a potion of degeneration {unknown}
 l - 2 potions of curing {unknown}
 m - a potion of haste {unknown}


   Skills:
 + Level 6.0 Fighting
 - Level 1.7 Axes
 + Level 4.6 Armour
 + Level 4.6 Shields


You had 5 spell levels left.
You didn't know any spells.
Your spell library contained the following spells:

 Spells                   Type           Power      Damage    Failure   Level
 Sting                    Tmut/Pois      0%         1d3       98%         1
 Corpse Rot               Necr/Air       N/A        N/A       99%         2
 Conjure Flame            Conj/Fire      0%         6-21      100%        3
 Dispel Undead            Necr           0%         3d6       100%        4
 Irradiate                Conj/Tmut      0%         3d13      100%        5
 Summon Forest            Summ/Tloc      0%         N/A       100%        5
 Summon Mana Viper        Hex/Summ       0%         N/A       100%        5
 Death Channel            Necr           0%         N/A       100%        6
 Shadow Creatures         Summ           N/A        N/A       100%        6
 Starburst                Conj/Fire      0%         8x6d3     100%        6


Dungeon Overview and Level Annotations

Branches:
Dungeon (3/15)

Altars:
Hepliaklqana
Nemelex Xobeh


Innate Abilities, Weirdness & Mutations

You are immune to sickness and miasma.
Your stone body is resilient. (AC +4)
You are immune to poison.
You resist negative energy. (rN+)
You are resistant to electric shocks. (rElec)
You are resistant to unholy torment.
You are immune to petrification.
Your flesh is heat resistant. (rF+)
You are frail. (-10% HP)
You are strong-willed. (Will+)
Your muscles are strong. (Str +2)


Message History

You hit the wight.
The wight is heavily damaged.
The wight closely misses you. The wight hits you but does no damage.
You barely miss the wight.
The wight is heavily damaged.
The wight hits you but does no damage.
You closely miss the wight.
The wight is heavily damaged.
The wight closely misses you. The wight hits you with a +0 mace.
You barely miss the wight.
The wight is heavily damaged.
You block the wight's attack.
You hit the wight.
The wight is heavily damaged.
You block the wight's attack. The wight hits you with a +0 mace.
You barely miss the wight.
The wight is heavily damaged.
You block the wight's attack. The wight hits you but does no damage.
You slash the wight!
You destroy the wight!
You block the wight's attack.
Your Fighting skill increases to level 6!
You hit the wight.
The wight is moderately damaged.
The wight hits you with a +2 dire flail.
You slash the wight!
The wight is almost destroyed.
The wight hits you but does no damage.
The wight hits you with a +2 dire flail!
You closely miss the wight.
The wight is almost destroyed.
The wight hits you with a +2 dire flail!
* * * LOW HITPOINT WARNING * * *
You barely miss the wight.
The wight is almost destroyed.
You block the wight's attack. The wight closely misses you.
You closely miss the wight.
The wight is almost destroyed.
The wight hits you with a +2 dire flail!
You die...

......#..#.#...##
##....#..##.##z.##
#....##...#.#...##
########..##.##zz#### #
......†..#.#....z#
###+#####.#..##.####.#
.....†....#....#...#z#
.....)## #.#..#..(#.##
......# #....#@..#..#
......# ##..##z####..#
......# ##...#.#)..z..#
......###..##)##..###.#
......'....#.#........#
......#..##.##..#.#####
......##.#.#...#..#
......##.###..##.##
.................#


You could see a wight.

Vanquished Creatures
  Grinder (D:3)
  A wight (D:3)
  An adder (D:2)
  An orc (D:3)
  7 endoplasms
  4 giant cockroaches
  8 goblins
  3 hobgoblins
  4 jackals
  7 kobolds
  3 quokkas
  4 ball pythons
  4 bats
  4 frilled lizards
  7 rats
59 creatures vanquished.

Vanquished Creatures (others)
  9 demonic plants (D:3)
  2 fungi (D:3)
  3 plants (D:3)
  A withered plant (D:3)
15 creatures vanquished.

Grand Total: 74 creatures vanquished

Notes
Turn   | Place    | Note
-------+----------+-------------------------------------------
     0 | D:1      | GodsMustBeCrazy the Gargoyle Fighter began the quest for
                  | the Orb.
     0 | D:1      | Reached XP level 1. HP: 14/14 MP: 1/1
   163 | D:1      | Reached XP level 2. HP: 7/20 MP: 2/2
   167 | D:1      | Reached skill level 4 in Fighting
   834 | D:1      | Reached XP level 3. HP: 21/24 MP: 3/3
  1273 | D:2      | Found a sparkling altar of Nemelex Xobeh.
  1683 | D:2      | Got the Grimoire of Transformation and Fire
  1832 | D:2      | Reached skill level 5 in Fighting
  2147 | D:2      | Reached XP level 4. HP: 31/31 MP: 4/4
  2445 | D:3      | Noticed Grinder
  2498 | D:3      | Paralysed by Grinder for 2 turns
  2506 | D:3      | Gained mutation: You are frail. (-10% HP) [potion of
                  | mutation]
  2506 | D:3      | Gained mutation: Your flesh is heat resistant. (rF+)
                  | [potion of mutation]
  2506 | D:3      | Gained mutation: Your muscles are strong. (Str +2) [potion
                  | of mutation]
  2506 | D:3      | Gained mutation: You are strong-willed. (Will+) [potion of
                  | mutation]
  2780 | D:3      | Killed Grinder
  2781 | D:3      | Reached XP level 5. HP: 23/32 MP: 5/5
  2781 | D:3      | Reached XP level 6. HP: 26/36 MP: 6/6
  3017 | D:3      | Found a hazy altar of Hepliaklqana.
  3247 | D:3      | Reached skill level 6 in Fighting
  3251 | D:3      | Mangled by a wight

Illustrated notes

Levels and vault maps discovered:
D:1:      minmay_arrival_split_and_join, layout_basic
D:2:      layout_loops_ring, basic_altar
D:3:      layout_basic, lemuel_doored_altar, shapermc_ecumenical_altar_gd,
          minmay_vboxes, uniq_grinder, uniq_natasha

Skill      XL: |  1  2  3  4  5  6 |
---------------+-------------------+-----
Fighting       | 4 5 6 |  6.0
Armour         | 4 |  4.6
Shields        | 4 |  4.6
Axes           | |  1.7

Action                   |  1- 3 |  4- 6 || total
-------------------------+-------+-------++-------
Melee: War axe           |   156 |    56 ||   212
 Fire: Hunting sling     |       |     5 ||     5
  Use: Potion            |       |     3 ||     3
Armor: Scale mail        |    84 |    25 ||   109
Dodge: Dodged            |    42 |    20 ||    62
Block: Kite shield       |    74 |    24 ||    98
